 Dungeon Crawl Stone Soup version 0.29-a0-43-g62a80824bf (webtiles) character file.

Game seed: 14657499234540516381

130 bande the Covered (level 5, -1/33 HPs)
             Began as a Gargoyle Fighter on Feb 2, 2022.
             Slain by an orc (3 damage)
             ... on level 3 of the Dungeon.
             The game lasted 00:03:32 (2514 turns).

bande the Covered (Gargoyle Fighter)                Turns: 2514, Time: 00:03:34

Health: -1/33      AC: 14    Str: 20    XL:     5   Next: 13%
Magic:  5/5        EV:  7    Int:  8    God:
Gold:   103        SH:  4    Dex: 11    Spells: 4/4 levels left

rFire   . . .      SeeInvis .   a - +0 war axe
rCold   . . .      Faith    .   c - +0 buckler
rNeg    + . .      Spirit   .   j - +0 chain mail
rPois   ∞          Reflect  .   (no helmet)
rElec   +          Harm     .   (no cloak)
rCorr   .          Rampage  .   g - +0 pair of gloves
Will    .....                   (no boots)
Stlth   ..........              (no amulet)
HPRegen 0.11/turn               (no ring)
MPRegen 0.09/turn               (no ring)

@: no status effects
A: sickness immunity, AC +4, negative energy resistance 1, electricity
resistance, torment resistance 1, petrification resistance
a: no special abilities


You were on level 3 of the Dungeon.
You visited 1 branch of the dungeon, and saw 3 of its levels.

You collected 103 gold pieces.

Inventory:

Hand Weapons
 a - a +0 war axe (weapon)
Armour
 c - a +0 buckler (worn)
 g - a +0 pair of gloves (worn)
 j - a +0 chain mail (worn)
Scrolls
 e - 3 scrolls of identify
 h - a scroll of immolation {unknown}
Potions
 d - a potion of might
 f - 2 potions of brilliance
 i - a potion of attraction {unknown}


   Skills:
 + Level 3.8 Fighting
 + Level 3.2 Axes
 + Level 4.2 Armour
 + Level 0.1 Stealth
 + Level 4.0 Shields


You had 4 spell levels left.
You didn't know any spells.
Your spell library was empty.

Dungeon Overview and Level Annotations

Branches:
Dungeon (3/15)

Altars:


Innate Abilities, Weirdness & Mutations

You are immune to sickness and miasma.
Your stone body is resilient. (AC +4)
You are immune to poison.
You resist negative energy. (rN+)
You are resistant to electric shocks. (rElec)
You are resistant to unholy torment.
You are immune to petrification.


Message History

The orc hits you with a +0 flail.
You closely miss something. You barely miss the orc. You hit the rat.
You kill the rat!
You slash the orc!
You kill the orc!
Something hits you. The orc hits you but does no damage.
The orc barely misses you.
Unknown command.
You completely miss something. You closely miss the orc.
You hit the orc but do no damage. You closely miss the orc.
The orc hits you but does no damage. Something hits you but does no damage.
The orc hits you but does no damage. x3
You hear some strange, mumbled words.
Something tries to affect you, but you resist.
Unknown command.
You barely miss the orc. You closely miss the orc. You hit the orc.
You completely miss something.
You feel less confused.
The orc hits you but does no damage. x3; Something hits you but does no damage.
You block the orc's attack. The orc hits you but does no damage.
Unknown command.
You closely miss something. You hit the orc but do no damage. x2
You closely miss the orc. The orc hits you with a +0 flail!
* * * LOW HITPOINT WARNING * * *
Something hits you but does no damage. The orc barely misses you.
The orc hits you but does no damage.
You hit something.
You barely miss the orc. x2; You closely miss the orc.
The orc hits you but does no damage. Something hits you but does no damage.
The orc hits you but does no damage. You block the orc's attack.
Something hits you.
* * * LOW HITPOINT WARNING * * *
The orc barely misses you. The orc hits you with a +0 flail.
* * * LOW HITPOINT WARNING * * *
You slash something!
Reactivating autopickup.
You feel a bit more experienced.
You closely miss the orc. You hit the orc. You barely miss the orc.
The orc hits you with a +0 short sword.
* * * LOW HITPOINT WARNING * * *
The orc hits you with a +0 flail.
You die...

####..........# ......
#..........##.......#
####..........#........#
.....#######...........#
####.# #.?.#.....>.#
#.#######.).#.......#
#..........†.......##
#######.##.)..o.[....
...##...@)......
#.####...oo......
.................. ###
####...........
#...........
......>.....
#.###.#####.. #. #.# ##


You could see 3 orcs.

Vanquished Creatures
  Natasha (twice) (D:2)
  An orc wizard (D:3)
  2 adders (D:2)
  A dart slug (D:1)
  7 orcs
  5 bats
  3 endoplasms
  2 giant cockroaches
  8 goblins
  4 hobgoblins (D:1)
  2 quokkas (D:1)
  3 ball pythons
  5 frilled lizards
  3 kobolds
  5 rats
53 creatures vanquished.

Notes
Turn   | Place    | Note
-------+----------+-------------------------------------------
     0 | D:1      | bande the Gargoyle Fighter began the quest for the Orb.
     0 | D:1      | Reached XP level 1. HP: 14/14 MP: 1/1
   112 | D:1      | Reached XP level 2. HP: 14/19 MP: 2/2
   656 | D:1      | Reached XP level 3. HP: 19/24 MP: 3/3
  1108 | D:2      | Noticed Natasha
  1116 | D:2      | Killed Natasha
  1117 | D:2      | Reached XP level 4. HP: 7/29 MP: 4/4
  1637 | D:2      | Found a faded altar of an unknown god.
  1825 | D:2      | Noticed Natasha
  1831 | D:2      | Killed Natasha
  2218 | D:2      | Reached XP level 5. HP: 24/33 MP: 5/5
  2514 | D:3      | Slain by an orc

Illustrated notes

Levels and vault maps discovered:
D:1:      saegor_arrival_simple_b, layout_rooms
D:2:      layout_basic, hellmonk_ecumenical_altar_leap_of_faith, uniq_natasha
D:3:      layout_rooms, minmay_vboxes

Skill      XL: |  1  2  3  4 |
---------------+-------------+-----
Axes           | 2 3 |  3.2
Shields        | 4 |  4.0
Armour         | 4 |  4.2
Fighting       | |  3.8
Stealth        | |  0.1

Action                   |  1- 3 |  4- 6 || total
-------------------------+-------+-------++-------
Melee: War axe           |    94 |    39 ||   133
  Use: Scroll            |     1 |       ||     1
Armor: Scale mail        |    50 |    10 ||    60
       Chain mail        |       |    34 ||    34
Dodge: Dodged            |    47 |    25 ||    72
Block: Buckler           |    28 |    12 ||    40

Table legend: (Time is in decaauts)
 A = Elapsed time spent in this place.
 B = Non-inter-level travel time spent in this place.
 C = Inter-level travel time spent in this place.
 D = Time resting spent in this place.
 E = Time spent auto-exploring this place.
 F = Levels seen in this place.
 G = Mean time per level.
                   A        B        C        D        E       F      G
               +--------+--------+--------+--------+--------+-----+--------+
         Total |   2571 |   2571 |      0 |    971 |   1169 |   3 |  857.0 |
       Dungeon |   2571 |   2571 |      0 |    971 |   1169 |   3 |  857.0 |
               +--------+--------+--------+--------+--------+-----+--------+

Top non-repeatable levels by time:
     D:2: 1506 daAuts
     D:1: 949 daAuts
     D:3: 115 daAuts
